[Event "ICCopen2017"]
[Site "Internet Chess Club"]
[Date "2017.03.19"]
[Round "4"]
[White "geilgambler"]
[Black "arshavin2015"]
[Result "0-1"]
[ICCResult "White forfeits on time"]
[WhiteElo "1779"]
[BlackElo "2002"]
[Opening "Modern defense"]
[ECO "A40"]
[NIC "QO.17"]
[Time "19:48:22"]
[TimeControl "180+0"]

1. d4 g6 2. c3 Bg7 3. g3 d6 4. Bg2 Nf6 5. Nf3 O-O 6. Nbd2 c5 7. e3 Nc6 8.
O-O Rb8 9. a4 Bg4 10. h3 Bd7 11. Kh2 a6 12. Re1 b5 13. axb5 axb5 14. e4 e5
15. d5 Na5 16. b4 Nb7 17. Nb3 Qb6 18. bxc5 Nxc5 19. Ng1 Nxb3 20. Qxb3 Rfc8
21. Be3 Qc7 22. Ne2 Qc4 23. Qb2 Nxe4 24. Bf1 b4 25. Ra7 bxc3 26. Qc1 Be8 27.
Nd4 Qb4 28. Nc6 Bxc6 29. dxc6 Rxc6 30. Qc2 Nc5 31. Bg2 Rcc8 32. Qe2 Qb5 33.
Qf3 Rf8 34. Qd5 Ne6 35. Qa2 Qb3 36. Bd5 Qxa2 37. Bxa2 Ra8 38. Rxa8 Rxa8 39.
Bxe6 fxe6 40. Rd1 d5 41. Bc5 e4 42. Rc1 Ra2 {White forfeits on time} 0-1

[Event "ICCopen2017"]
[Site "Internet Chess Club"]
[Date "2017.03.19"]
[Round "4"]
[White "ivancele"]
[Black "Atlantis75"]
[Result "0-1"]
[ICCResult "White checkmated"]
[WhiteElo "1516"]
[BlackElo "1938"]
[Opening "King's Indian: Four pawns attack"]
[ECO "E76"]
[NIC "KI.31"]
[Time "19:49:06"]
[TimeControl "180+0"]

1. d4 d6 2. c4 Nf6 3. Nc3 g6 4. e4 Bg7 5. f4 O-O 6. Nf3 Nc6 7. Be3 Bg4 8.
Be2 Bxf3 9. Bxf3 e5 10. fxe5 dxe5 11. d5 Nd4 12. O-O Nd7 13. a3 b6 14. b4 a5
15. Rc1 f5 16. Nb5 Nxf3+ 17. gxf3 f4 18. Bf2 axb4 19. axb4 Ra2 20. Kh1 Bf6
21. Rc2 Rxc2 22. Qxc2 Bh4 23. Bxh4 Qxh4 24. Nxc7 Nf6 25. Qf2 Qh3 26. Ne6 Ra8
27. c5 Nh5 28. Ng5 Ng3+ 29. Kg1 Qh4 30. Rc1 Qxg5 31. hxg3 fxg3 32. Qg2 Qxc1+
33. Qf1 Qe3+ 34. Kg2 Ra2+ 35. Kxg3 Qf4+ 36. Kh3 Rh2# {White checkmated} 0-1

[Event "ICCopen2017"]
[Site "Internet Chess Club"]
[Date "2017.03.19"]
[Round "4"]
[White "x-plica"]
[Black "lmenezes"]
[Result "1-0"]
[ICCResult "Black forfeits on time"]
[WhiteElo "1356"]
[BlackElo "1619"]
[Opening "French defense"]
[ECO "C00"]
[NIC "FR.01"]
[Time "19:48:50"]
[TimeControl "180+0"]

1. e4 e6 2. Nf3 d5 3. exd5 exd5 4. d4 Nf6 5. c4 Be7 6. Nc3 O-O 7. cxd5 Nxd5
8. Be2 Nc6 9. O-O Bf6 10. Be3 Be6 11. a3 Na5 12. Ne4 Be7 13. b4 Nc6 14. Nc5
Bc8 15. Qd2 b6 16. Nd3 Bf6 17. Rad1 Bb7 18. Bg5 Nxd4 19. Nxd4 Bxg5 20. Qc2
Nf4 21. Nxf4 Bxf4 22. Ne6 Bxh2+ 23. Kxh2 Qh4+ 24. Kg1 fxe6 25. Qd3 Rf6 26.
Qg3 Qh6 27. Qe3 Qg6 28. g3 h5 29. Bd3 Qf7 30. Bc4 Re8 31. Rde1 Rf3 32. Qg5
{Black forfeits on time}
1-0

[Event "ICCopen2017"]
[Site "Internet Chess Club"]
[Date "2017.03.19"]
[Round "4"]
[White "MiodragJevtic"]
[Black "progre69"]
[Result "0-1"]
[ICCResult "White forfeits on time"]
[WhiteElo "1817"]
[BlackElo "2143"]
[Opening "Vienna: Paulsen variation"]
[ECO "C25"]
[NIC "VG.04"]
[Time "19:48:07"]
[TimeControl "180+0"]

1. e4 e5 2. Nc3 Nc6 3. g3 Bb4 4. Nge2 Nf6 5. Bg2 O-O 6. O-O Re8 7. h3 Nd4 8.
d3 d6 9. Nxd4 exd4 10. Ne2 c5 11. f4 Ba5 12. g4 Bc7 13. Ng3 Rb8 14. g5 Nd7
15. Nh5 g6 16. Ng3 Nf8 17. Qf3 b5 18. f5 Qd7 19. h4 d5 20. Bh3 Qd6 21. Bf4
Qxf4 22. Qxf4 Bxf4 23. Rxf4 dxe4 24. Nxe4 Nd7 25. Raf1 Rf8 26. fxg6 hxg6 27.
Bxd7 Bb7 28. Nf6+ Kg7 29. h5 gxh5 30. Nxh5+ Kg6 31. Ng3 Kxg5 32. Rf6 Rh8 33.
R1f5+ Kh4 34. Nf1 Rbg8+ 35. Kf2 Rg2+ 36. Ke1 Rhg8 37. Rf4+ Kh5
{White forfeits on time}
0-1

[Event "ICCopen2017"]
[Site "Internet Chess Club"]
[Date "2017.03.19"]
[Round "4"]
[White "ehkopean"]
[Black "sravanrenjith"]
[Result "1/2-1/2"]
[ICCResult "Game drawn because neither player has mating material"]
[WhiteElo "1748"]
[BlackElo "1511"]
[Opening "Giuoco Pianissimo"]
[ECO "C55"]
[NIC "IG.01"]
[Time "19:48:22"]
[TimeControl "180+0"]

1. e4 e5 2. Nf3 Nc6 3. Bc4 Nf6 4. d3 Bc5 5. O-O O-O 6. c3 Bb6 7. Bb3 d6 8.
h3 Be6 9. Nbd2 Bxb3 10. axb3 d5 11. Qe2 Re8 12. Re1 Nh5 13. Nf1 Nf4 14. Bxf4
exf4 15. Qd2 dxe4 16. dxe4 Qxd2 17. N3xd2 Rad8 18. Nc4 Re7 19. Nxb6 axb6 20.
f3 Rde8 21. Nd2 f5 22. Kf2 Ne5 23. Ke2 fxe4 24. Nxe4 Nd7 25. Kf2 Ne5 26.
Red1 Nc6 27. Rd2 Na5 28. Ra3 Kf8 29. Rd4 c5 30. Rd6 Nc6 31. Rd5 Re5 32. Rxe5
Rxe5 33. Ra8+ Ke7 34. Rg8 Kf7 35. Rc8 Na5 36. Rc7+ Kg6 37. b4 cxb4 38. cxb4
Nc6 39. Rxb7 Rb5 40. Rc7 Nxb4 41. h4 Nd3+ 42. Ke2 Nxb2 43. Rc6+ Kf7 44. Ng5+
Ke7 45. Nxh7 Re5+ 46. Kd2 Na4 47. Ng5 Rd5+ 48. Kc2 Rc5+ 49. Rxc5 Nxc5 50.
Kc3 Kf6 51. Nh3 Nd7 52. Nxf4 g5 53. hxg5+ Kxg5 54. Nd5 Kh4 55. g4 Kg3 56. g5
Nf8 57. f4 Kg4 58. Kb4 Kf5 59. Kb5 Ne6 60. Kxb6 Nxg5 61. fxg5 Kxg5
{Game drawn because neither player has mating material}
1/2-1/2

[Event "ICCopen2017"]
[Site "Internet Chess Club"]
[Date "2017.03.19"]
[Round "4"]
[White "Baltimora"]
[Black "Montserrat"]
[Result "0-1"]
[ICCResult "White checkmated"]
[WhiteElo "2288"]
[BlackElo "1887"]
[Opening "QGD"]
[ECO "D52"]
[NIC "QP.08"]
[Time "19:48:30"]
[TimeControl "180+0"]

1. d4 d5 2. c4 e6 3. Nf3 Nf6 4. Nc3 c6 5. Bg5 Nbd7 6. e3 Bb4 7. cxd5 exd5 8.
Bd3 Qa5 9. O-O Bxc3 10. bxc3 Qxc3 11. Rc1 Qa5 12. Ne5 O-O 13. Qc2 Nxe5 14.
dxe5 Ne4 15. Bxe4 dxe4 16. Qxe4 Qxa2 17. Rcd1 Be6 18. Be7 Rfe8 19. Qh4 Qc2
20. Rd4 Qg6 21. Rfd1 h6 22. Ba3 Rac8 23. f4 c5 24. Rd6 Qg4 25. Qe1 c4 26. h3
Qh5 27. e4 c3 28. f5 Bb3 29. Rc1 c2 30. Kh2 Qg5 31. Bb2 a5 32. Qf2 a4 33. g4
b5 34. Kg3 h5 35. Qf4 Qxf4+ 36. Kxf4 hxg4 37. hxg4 b4 38. e6 a3 39. exf7+
Kxf7 40. Rd7+ Re7 41. Rxe7+ Kxe7 42. Bxg7 Ba4 43. e5 b3 44. e6 b2 45. Ke5
bxc1=Q 46. f6+ Kd8 47. f7 Qe3+ 48. Kf6 Qd4+ 49. Kg6 Qe4+ 50. Kh6 Ke7 51.
Bf6+ Kxf6 52. Kh5 Qf4 53. g5+ Qxg5# {White checkmated} 0-1

[Event "ICCopen2017"]
[Site "Internet Chess Club"]
[Date "2017.03.19"]
[Round "4"]
[White "adypady"]
[Black "MLorenzini"]
[Result "1-0"]
[ICCResult "Black checkmated"]
[WhiteElo "2447"]
[BlackElo "2026"]
[Opening "Scandinavian (center counter) defense"]
[ECO "B01"]
[NIC "SD.01"]
[Time "19:48:36"]
[TimeControl "180+0"]

1. e4 d5 2. exd5 Qxd5 3. Nc3 Qa5 4. d4 Nf6 5. Ne2 c6 6. g3 g6 7. Bg2 Bg7 8.
O-O O-O 9. a3 Qh5 10. Re1 Bg4 11. Qd3 Bf5 12. Qd2 Re8 13. Nf4 Qh6 14. Qe2 g5
15. Nd3 Bxd3 16. Qxd3 Qh5 17. Qf5 h6 18. Bf3 Qg6 19. Qxg6 fxg6 20. d5 Kf7
21. Be3 e6 22. dxc6 Nxc6 23. Nb5 Re7 24. Nd6+ Kg8 25. Nxb7 Nd5 26. Bc5 Rxb7
27. Rxe6 Rd8 28. Rxc6 Rbd7 29. c4 Nf6 30. Be3 g4 31. Be2 h5 32. Rc1 Kh7 33.
b4 Ne4 34. c5 Nc3 35. Kf1 Nd5 36. Bg5 Rf8 37. Rd6 Rdf7 38. Rxd5 Rxf2+ 39.
Ke1 Rxh2 40. c6 Rff2 41. Rc2 Rfg2 42. c7 Rg1+ 43. Kd2 Rgg2 44. Kd3 Rxg3+ 45.
Ke4 h4 46. c8=Q Rgg2 47. Bd3 h3 48. Rxg2 hxg2 49. Be3 Rh4 50. Kf4 Bh6+ 51.
Kg3 Bxe3 52. Rd7+ Kh6 53. Qh8+ Kg5 54. Rd5# {Black checkmated} 1-0

[Event "ICCopen2017"]
[Site "Internet Chess Club"]
[Date "2017.03.19"]
[Round "4"]
[White "playwaycool"]
[Black "fishmaster"]
[Result "1-0"]
[ICCResult "Black resigns"]
[WhiteElo "2252"]
[BlackElo "1825"]
[Opening "Trompowsky attack (Ruth, Opocenský opening)"]
[ECO "A45"]
[NIC "QP.07"]
[Time "19:49:09"]
[TimeControl "180+0"]

1. d4 Nf6 2. Bg5 c6 3. Bxf6 exf6 4. Nf3 d5 5. e3 g6 6. c4 Bg7 7. cxd5 cxd5
8. Nc3 Be6 9. Qb3 Qd7 10. Rc1 a6 11. Na4 Ra7 12. Nc5 Qe7 13. Qb6 Nc6 14.
Nxe6 fxe6 15. Be2 Ra8 16. O-O O-O 17. Bd1 Rac8 18. Ba4 Qc7 19. Qxc7 Rxc7 20.
Bxc6 Rxc6 21. Rxc6 bxc6 22. Rc1 Rb8 23. b3 Rb6 24. Ne1 Bf8 25. Nd3 Kf7 26.
Nc5 Bxc5 27. Rxc5 Ke7 28. Kf1 Kd6 29. Ke2 Rb5 30. Rc2 e5 31. Kd3 e4+ 32. Kd2
a5 33. f3 f5 34. fxe4 fxe4 35. Rc1 a4 36. Kc3 axb3 37. axb3 Ra5 38. Kb2 Ra7
39. Rf1 Ke7 40. g4 Ra5 41. b4 Ra7 42. h4 Rb7 43. Kb3 Rb8 44. h5 Ra8 45. hxg6
hxg6 46. g5 Rh8 47. Rf6 Rh3 48. Rxg6 Rxe3+ 49. Kc2 Rd3 50. Rxc6 Rxd4 51. b5
Rb4 52. b6 d4 53. g6 d3+ 54. Kc3 Rb1 55. g7 Rg1 56. b7 Rc1+ 57. Kd2 Rc2+ 58.
Rxc2 dxc2 59. Kxc2 Kf7 60. g8=Q+ {Black resigns} 1-0

[Event "ICCopen2017"]
[Site "Internet Chess Club"]
[Date "2017.03.19"]
[Round "4"]
[White "rencoroso"]
[Black "TaijiChess22"]
[Result "1-0"]
[ICCResult "Black forfeits on time"]
[WhiteElo "2104"]
[BlackElo "1774"]
[Opening "Sicilian defense"]
[ECO "B40"]
[NIC "SI.43"]
[Time "19:48:06"]
[TimeControl "180+0"]

1. e4 c5 2. Nf3 e6 3. c3 Nc6 4. d4 cxd4 5. cxd4 d6 6. Nc3 Nf6 7. a3 Be7 8.
Bd3 O-O 9. O-O h6 10. Re1 e5 11. h3 Re8 12. Bb5 Bd7 13. d5 Nb8 14. Qe2 a6
15. Bd3 Rf8 16. Be3 Ne8 17. Qd2 Kh7 18. Ne2 g5 19. Ng3 b5 20. Nh2 Ng7 21.
Ne2 Kg8 22. f4 exf4 23. Nxf4 gxf4 24. Bxf4 Bg5 25. Rf1 Bxf4 26. Rxf4 Qg5 27.
Raf1 Bxh3 28. Qf2 Nd7 29. Rf3 Bg4 30. Rg3 Ne5 31. Nxg4 Nxg4 32. Qf3 h5 33.
Be2 Rac8 34. Qd3 Rc7 35. Bxg4 hxg4 36. Qe2 Re7 37. Rxg4 Qe5 38. Rgf4 Qd4+
39. Qf2 Qxf2+ 40. R1xf2 Re5 41. Kh2 Rh5+ 42. Kg1 f5 43. R2f3 fxe4 44. Rg3
{Black forfeits on time}
1-0

[Event "ICCopen2017"]
[Site "Internet Chess Club"]
[Date "2017.03.19"]
[Round "4"]
[White "moonriver"]
[Black "javi"]
[Result "0-1"]
[ICCResult "White forfeits on time"]
[WhiteElo "1374"]
[BlackElo "1672"]
[Opening "King's Indian: Andersson variation"]
[ECO "E92"]
[NIC "KI.18"]
[Time "19:49:05"]
[TimeControl "180+0"]

1. d4 Nf6 2. Nf3 g6 3. c4 Bg7 4. Nc3 d6 5. e4 O-O 6. Be2 e5 7. dxe5 dxe5 8.
O-O c6 9. Qxd8 Rxd8 10. Rd1 Re8 11. Bg5 Na6 12. a3 Nc5 13. Nd2 a5 14. b4
axb4 15. axb4 Rxa1 16. Rxa1 Na6 17. Rb1 Be6 18. f3 h6 19. Be3 Bf8 20. c5 Nc7
21. Nc4 Bxc4 22. Bxc4 Rd8 23. Rd1 Rxd1+ 24. Nxd1 Kg7 25. Nf2 Ne6 26. Bxe6
fxe6 27. Nd3 Nd7 28. Bd2 Kf6 29. Bc3 Bg7 30. f4 Ke7 31. Bxe5 Nxe5 32. Nxe5
Bxe5 33. fxe5 Kd7 34. Kf2 Kc7 35. Kg3 Kb8 36. Kg4 Ka7 37. h4 Ka6 38. Kf4 Kb5
39. h5 g5+ 40. Ke3 Kxb4 41. Kd4 Kb5 42. g3 Kb4 {White forfeits on time} 0-1

[Event "ICCopen2017"]
[Site "Internet Chess Club"]
[Date "2017.03.19"]
[Round "4"]
[White "blunder23"]
[Black "qs16"]
[Result "1-0"]
[ICCResult "Black forfeits on time"]
[WhiteElo "1438"]
[BlackElo "1332"]
[Opening "Sicilian"]
[ECO "B50"]
[NIC "SI.01"]
[Time "19:48:08"]
[TimeControl "180+0"]

1. e4 c5 2. Nf3 d6 3. Bc4 e6 4. c3 Nf6 5. d3 Be7 6. O-O O-O 7. h3 Nc6 8. Be3
Na5 9. Bb3 Nxb3 10. axb3 a6 11. d4 cxd4 12. cxd4 Nxe4 13. Qd3 d5 14. Nc3
Nxc3 15. bxc3 Bd7 16. Ne5 Rc8 17. f4 Bb5 18. c4 dxc4 19. bxc4 Bc6 20. Rfd1
Bf6 21. d5 exd5 22. cxd5 Bb5 23. Qd4 Rc4 24. Qd2 Qc8 25. Rac1 Bxe5 26. fxe5
Rxc1 27. Rxc1 Qd7 28. d6 Qe6 29. Bf4 f6 30. Qd4 fxe5 31. Bxe5 Qh6 32. Qd5+
Kh8 33. Rd1 Qe3+ 34. Kh2 Re8 35. Bg3 h6 36. d7 Rd8 37. Re1 Be2 38. Qd6 Qd3
39. Qc7 Rg8 40. Rxe2 Qxe2 41. d8=Q Rxd8 42. Qxd8+ Kh7 43. Qh4 Qe6 44. Qf4
Qc6 45. Qf5+ Kg8 46. Be5 Qd5 47. Qc8+ Kh7 48. Bg3 Qg5 49. Qc4 b5 50. Qc2+
Qg6 51. Qb3 Qb6 52. Qc2+ Qg6 53. Qc8 Qb6 54. Qf5+ Qg6 55. Qxg6+
{Black forfeits on time}
1-0

[Event "ICCopen2017"]
[Site "Internet Chess Club"]
[Date "2017.03.19"]
[Round "4"]
[White "fueguino"]
[Black "atoz"]
[Result "1-0"]
[ICCResult "Black checkmated"]
[WhiteElo "1894"]
[BlackElo "1478"]
[Opening "Benoni: classical without 9.O-O"]
[ECO "A72"]
[NIC "BI.38"]
[Time "19:49:19"]
[TimeControl "180+0"]

1. d4 Nf6 2. c4 c5 3. d5 e6 4. Nc3 exd5 5. cxd5 d6 6. e4 g6 7. Be2 Bg7 8.
Nf3 Bg4 9. h3 Bxf3 10. Bxf3 O-O 11. Bf4 a6 12. a4 Re8 13. O-O Bf8 14. Re1
Nbd7 15. Qc2 Ne5 16. Be2 b6 17. Bg3 Ra7 18. f4 Ned7 19. Bf3 Nb8 20. Rad1
Rae7 21. e5 dxe5 22. fxe5 Nfd7 23. e6 Nf6 24. exf7+ Kxf7 25. Rxe7+ Rxe7 26.
d6 Rd7 27. Bh4 Rxd6 28. Nd5 Be7 29. Nxe7 Qxe7 30. Re1 Re6 31. Bd5 Kg7 32.
Rxe6 Qc7 33. Bxf6+ Kh6 34. Qd2+ Kh5 35. Qg5# {Black checkmated} 1-0

[Event "ICCopen2017"]
[Site "Internet Chess Club"]
[Date "2017.03.19"]
[Round "4"]
[White "shally"]
[Black "burbur"]
[Result "0-1"]
[ICCResult "White forfeits on time"]
[WhiteElo "1912"]
[BlackElo "2478"]
[Opening "Nimzovich-Larsen attack: classical variation"]
[ECO "A01"]
[NIC "VO.08"]
[Time "19:49:03"]
[TimeControl "180+0"]

1. b3 d5 2. Bb2 Bf5 3. e3 e6 4. f4 Nf6 5. Nf3 h6 6. h3 Be7 7. g4 Be4 8. d3
Bxf3 9. Qxf3 c5 10. Bg2 Nc6 11. Nd2 d4 12. e4 e5 13. O-O exf4 14. Qxf4 O-O
15. a3 Bd6 16. Qf5 Ne7 17. Qf2 Ng6 18. Nc4 Bc7 19. a4 Rb8 20. Rae1 Ne5 21.
Nxe5 Bxe5 22. Bc1 Qd6 23. Qf5 Nd7 24. g5 g6 25. Qg4 h5 26. Qf3 b6 27. Bf4
Rbe8 28. Re2 Bxf4 29. Qxf4 Qxf4 30. Rxf4 Ne5 31. Rf6 Re6 32. Ref2 Rfe8 33.
Kh2 Kg7 34. Kg3 Rxf6 35. Rxf6 Re6 36. Rf4 Nc6 37. h4 a6 38. Bh3 Rd6 39. Rf2
b5 40. axb5 axb5 41. Kf4 Rd8 42. e5 Nb4 43. Ke4 Nd5 44. e6 Nc3+
{White forfeits on time}
0-1

[Event "ICCopen2017"]
[Site "Internet Chess Club"]
[Date "2017.03.19"]
[Round "4"]
[White "BestMate"]
[Black "rovov"]
[Result "1/2-1/2"]
[ICCResult "Black ran out of time and White has no material to mate"]
[WhiteElo "2112"]
[BlackElo "1782"]
[Opening "Levitsky attack (Queen's bishop attack)"]
[ECO "D00"]
[NIC "QP.08"]
[Time "19:48:25"]
[TimeControl "180+0"]

1. d4 d5 2. Bg5 Bf5 3. Nc3 c6 4. f3 Nf6 5. Qd2 h6 6. Bh4 Qa5 7. e4 dxe4 8.
fxe4 Bg6 9. Nf3 Nbd7 10. e5 Nd5 11. Nxd5 Qxd2+ 12. Kxd2 cxd5 13. Rc1 e6 14.
Bd3 Bxd3 15. Kxd3 Be7 16. Bf2 O-O 17. b3 b5 18. c4 bxc4+ 19. bxc4 dxc4+ 20.
Rxc4 Rfc8 21. Rhc1 Nb6 22. Rc7 Rxc7 23. Rxc7 Nd5 24. Rb7 a5 25. g3 Bb4 26.
Nd2 Bxd2 27. Kxd2 Rc8 28. Ra7 Nb4 29. a3 Rc2+ 30. Ke3 Nd5+ 31. Kf3 Rc3+ 32.
Kg2 Rxa3 33. h4 h5 34. Be1 a4 35. Kg1 Ra1 36. Kf2 a3 37. Ke2 a2 38. Bd2 Rh1
39. Kd3 a1=Q 40. Rb7 Rd1 41. Rb8+ Kh7 42. Kc4 Qb2 43. Kc5 Qxb8 44. Ba5 Qc7+
45. Bxc7 Nxc7 46. Kd6 Rxd4+ 47. Kxc7 Rd3 48. Kc6 Rxg3 49. Kd6 Rg4 50. Kd7
Rxh4 51. Kd6 Re4 52. Kc6 Rxe5 53. Kd6 h4 54. Kd7
{Black ran out of time and White has no material to mate}
1/2-1/2

[Event "ICCopen2017"]
[Site "Internet Chess Club"]
[Date "2017.03.19"]
[Round "4"]
[White "akibael"]
[Black "MasterMind"]
[Result "1-0"]
[ICCResult "Black forfeits on time"]
[WhiteElo "2160"]
[BlackElo "1819"]
[Opening "Réti opening"]
[ECO "A04"]
[NIC "QP.10"]
[Time "19:48:36"]
[TimeControl "180+0"]

1. Nf3 c5 2. b3 Nc6 3. Bb2 Nf6 4. e3 d5 5. Be2 g6 6. O-O Bg7 7. Ne5 Nxe5 8.
Bxe5 O-O 9. f4 b6 10. d3 Bb7 11. Nd2 a5 12. Nf3 a4 13. c4 Ng4 14. Bxg7 Kxg7
15. Qd2 axb3 16. axb3 Qd6 17. h3 Nf6 18. Ne5 Nd7 19. Qb2 Nxe5 20. fxe5 Qe6
21. Bf3 Rfd8 22. d4 f6 23. exf6+ exf6 24. Rxa8 Bxa8 25. cxd5 Qxe3+ 26. Kh1
cxd4 27. Qa1 Bxd5 28. Re1 Qc3 29. Qa7+ Kh6 30. Re7 Bxf3 31. Rxh7+ Kg5 32.
Qg7 Qc1+ 33. Kh2 Qf4+ 34. Kg1 Re8 35. Qh6+ Kf5 36. Qxf4+ Kxf4 37. gxf3 Rd8
38. Kf2 d3 39. Ke1 d2+ 40. Kd1 g5 41. Rf7 f5 42. Rf6 Rd3 43. Rxb6 Rxf3 44.
Kxd2 Rxh3 45. b4 Rh2+ 46. Kd3 Rb2 47. b5 g4 48. Rb8 g3 49. b6 Kf3 50. Rg8 g2
51. Rxg2 f4 52. Rxb2 {Black forfeits on time} 1-0

[Event "ICCopen2017"]
[Site "Internet Chess Club"]
[Date "2017.03.19"]
[Round "4"]
[White "Ricardov"]
[Black "F83"]
[Result "1-0"]
[ICCResult "Black forfeits on time"]
[WhiteElo "2261"]
[BlackElo "1747"]
[Opening "Sicilian: Kan, Maróczy bind (Réti variation)"]
[ECO "B41"]
[NIC "SI.41"]
[Time "19:48:12"]
[TimeControl "180+0"]

1. e4 c5 2. Nf3 e6 3. d4 cxd4 4. Nxd4 a6 5. c4 Nf6 6. Qd3 Qc7 7. Nc3 Nc6 8.
b3 Nxd4 9. Qxd4 Bc5 10. Qd3 Ng4 11. Nd1 d5 12. Qg3 Qxg3 13. hxg3 Bd4 14. Bb2
Bxb2 15. Nxb2 dxe4 16. Be2 Ne5 17. Rh5 f5 18. g4 g6 19. Rh4 Bd7 20. O-O-O
Ke7 21. Rdh1 h5 22. gxh5 g5 23. R4h3 g4 24. Rc3 Rh7 25. Rh4 Rah8 26. f3 exf3
27. gxf3 Ng6 28. Rh1 Nf4 29. Bf1 Rxh5 30. Rxh5 Rxh5 31. fxg4 fxg4 32. Kd2
Bc6 33. Rg3 Rh2+ 34. Kc3 Bf3 35. Nd3 Nxd3 36. Kxd3 Rxa2 37. Bh3 gxh3 38.
Rxf3 h2 39. Rh3 b5 40. Kc3 bxc4 41. Kxc4 a5 42. Rh4 Kd6 43. Rh7 a4 44. b4 a3
45. Kb5 h1=Q 46. Kb6 Qxh7 47. b5 Rb2 48. Ka5 {Black forfeits on time} 1-0

[Event "ICCopen2017"]
[Site "Internet Chess Club"]
[Date "2017.03.19"]
[Round "4"]
[White "Ernie1"]
[Black "blackjack721"]
[Result "0-1"]
[ICCResult "White resigns"]
[WhiteElo "1261"]
[BlackElo "1391"]
[Opening "Levitsky attack (Queen's bishop attack)"]
[ECO "D00"]
[NIC "QP.08"]
[Time "19:48:49"]
[TimeControl "180+0"]

1. d4 d5 2. Bg5 Bf5 3. e3 Nd7 4. Bd3 Bg6 5. Bxg6 hxg6 6. Nf3 c6 7. c3 Qc7 8.
Nbd2 f6 9. Bf4 e5 10. dxe5 fxe5 11. Bg3 Bd6 12. Qc2 Ngf6 13. Qxg6+ Kd8 14.
Ng5 Kc8 15. Ne6 Qb6 16. Qxg7 Rg8 17. Qf7 c5 18. O-O e4 19. b4 Bxg3 20. fxg3
c4 21. Rxf6 Nxf6 22. Qxf6 Qxe3+ 23. Kh1 Qxd2 24. Nc5 a6 25. Qe6+ Kc7 26.
Qd7+ Kb6 27. a4 Rab8 28. a5+ Ka7 29. Qc7 Qxc3 30. Rf1 Qxb4 31. Nd7 Rbc8
{White resigns}
0-1

[Event "ICCopen2017"]
[Site "Internet Chess Club"]
[Date "2017.03.19"]
[Round "4"]
[White "unkavalo"]
[Black "Chaos23"]
[Result "1-0"]
[ICCResult "Black resigns"]
[WhiteElo "2510"]
[BlackElo "1886"]
[Opening "English: symmetrical variation"]
[ECO "A30"]
[NIC "EO.64"]
[Time "19:49:25"]
[TimeControl "180+0"]

1. c4 c5 2. Nf3 b6 3. g3 Bb7 4. Bg2 g6 5. Nc3 Bg7 6. O-O e6 7. e4 Nc6 8. Re1
d6 9. d3 Nge7 10. Be3 O-O 11. d4 cxd4 12. Nxd4 a6 13. Nxc6 Nxc6 14. Qd2 Ne5
15. b3 Qc7 16. Rac1 Rfd8 17. Na4 Nd7 18. Qb4 a5 19. Bxb6 Qc6 20. Qb5 Qxb5
21. cxb5 Nxb6 22. Nxb6 Rab8 23. Nc4 a4 24. bxa4 d5 25. exd5 exd5 26. Na5 Ba8
27. Rc7 Re8 28. Rxe8+ Rxe8 29. Nc6 Bxc6 30. Rxc6 Ra8 31. Bxd5 Rxa4 32. Rc7
Be5 33. Rxf7 Kh8 34. b6 Rb4 35. b7 Bd4 36. Rf8+ Kg7 37. b8=Q {Black resigns}
1-0

[Event "ICCopen2017"]
[Site "Internet Chess Club"]
[Date "2017.03.19"]
[Round "4"]
[White "ANGELLR"]
[Black "devotional"]
[Result "0-1"]
[ICCResult "White resigns"]
[WhiteElo "1721"]
[BlackElo "2132"]
[Opening "King's Indian: London system"]
[ECO "A45"]
[NIC "QP.03"]
[Time "19:49:20"]
[TimeControl "180+0"]

1. d4 Nf6 2. Bf4 g6 3. Nf3 Bg7 4. e3 d6 5. Be2 Nbd7 6. h3 c6 7. c3 a5 8.
Nbd2 a4 9. O-O O-O 10. e4 e5 11. Qc2 exf4 12. e5 dxe5 13. dxe5 Nd5 14. Rad1
Qc7 15. c4 Nb4 16. Qc3 c5 17. a3 Nc6 18. Qd3 Ndxe5 19. Nxe5 Nxe5 20. Qe4 g5
21. Bh5 Be6 22. Rfe1 Rad8 23. Nf3 Nxf3+ 24. Qxf3 Rxd1 25. Rxd1 Rd8 26. Re1
Rd2 27. h4 h6 28. Qe4 Bd4 29. Rf1 Qe5 30. Qxb7 Rxf2 31. Qa8+ Kg7 32. Qc6
Rxf1+ 33. Kxf1 Bxc4+ {White resigns} 0-1

[Event "ICCopen2017"]
[Site "Internet Chess Club"]
[Date "2017.03.19"]
[Round "4"]
[White "TheLlamaLord"]
[Black "Eliezer"]
[Result "0-1"]
[ICCResult "White checkmated"]
[WhiteElo "1808"]
[BlackElo "1508"]
[Opening "QGD Slav: 3.Nf3"]
[ECO "D11"]
[NIC "SL.01"]
[Time "19:48:58"]
[TimeControl "180+0"]

1. d4 d5 2. c4 c6 3. Nf3 e6 4. cxd5 cxd5 5. Nc3 Nf6 6. Bg5 Be7 7. e3 O-O 8.
Bd3 h6 9. Bf4 Nbd7 10. O-O a6 11. Rc1 b5 12. a3 Nb6 13. Ne5 Nc4 14. Nc6 Qe8
15. Nxe7+ Qxe7 16. Qe2 Bd7 17. e4 Nxe4 18. Nxe4 dxe4 19. Qxe4 f5 20. Qf3
Rac8 21. Bxc4 bxc4 22. Qg3 Kh7 23. Bd6 Qf7 24. Bxf8 Qxf8 25. Qe5 Qf6 26.
Qxf6 gxf6 27. Rc3 Bb5 28. Rfc1 Kg7 29. b3 Rd8 30. bxc4 Bc6 31. Rd3 Kf7 32.
f4 Ke7 33. Kf2 Kd6 34. g3 Rb8 35. Rc2 Rb1 36. Rcd2 Rh1 37. Ke3 Re1+ 38. Re2
Rf1 39. Rb3 Rf3+ 40. Kd2 Rxb3 41. Kc2 Rxa3 42. Kb2 Rd3 43. d5 exd5 44. cxd5
Bxd5 45. Re8 Be4 46. Ra8 Rd2+ 47. Kc3 Rxh2 48. Rxa6+ Ke7 49. Ra7+ Ke6 50.
Rh7 Rh3 51. Kd4 Rxg3 52. Rxh6 Rg4 53. Rh8 Rxf4 54. Ke3 Rf3+ 55. Ke2 Ke5 56.
Re8+ Kf4 57. Rf8 Kg5 58. Rg8+ Kh6 59. Rf8 Kg7 60. Rb8 Kf7 61. Rc8 Kg7 62.
Rc7+ Kg6 63. Rc8 Kf7 64. Rc7+ Kg6 65. Rc8 Kg5 66. Rg8+ Kf4 67. Rg6 Ke5 68.
Rg8 Ra3 69. Re8+ Kf4 70. Rf8 Ra2+ 71. Ke1 Ke5 72. Kf1 f4 73. Kg1 f3 74. Re8+
Kf4 75. Rf8 f5 76. Rg8 Ke3 77. Kh1 Ra1+ 78. Kh2 f2 79. Rg3+ Kf4 80. Kh3
f1=Q+ 81. Kh4 Qh1+ 82. Rh3 Qxh3+ 83. Kxh3 Rh1# {White checkmated} 0-1

[Event "ICCopen2017"]
[Site "Internet Chess Club"]
[Date "2017.03.19"]
[Round "4"]
[White "Kastor"]
[Black "jasrom"]
[Result "1-0"]
[ICCResult "Black forfeits on time"]
[WhiteElo "2817"]
[BlackElo "2157"]
[Opening "French: Steinitz variation"]
[ECO "C11"]
[NIC "FR.04"]
[Time "19:49:29"]
[TimeControl "180+0"]

1. e4 e6 2. d4 d5 3. Nc3 Nf6 4. e5 Nfd7 5. Nce2 c5 6. f4 Nc6 7. c3 Qa5 8.
Kf2 Be7 9. Nf3 O-O 10. g3 f6 11. Kg2 Qb6 12. a3 cxd4 13. cxd4 fxe5 14. fxe5
Ndxe5 15. dxe5 Nxe5 16. Ned4 Nc6 17. Nxc6 bxc6 18. Qe1 e5 19. Qxe5 Bf6 20.
Qe3 d4 21. Qe4 Bd7 22. Bd3 g6 23. Qe2 Rae8 24. Qc2 Qa5 25. Qd1 Bg7 26. h3
Qh5 27. Ng5 Bxh3+ 28. Nxh3 Qd5+ 29. Kh2 Rf3 30. Rf1 Ref8 31. Rxf3 Rxf3 32.
Qe2 {Black forfeits on time} 1-0

[Event "ICCopen2017"]
[Site "Internet Chess Club"]
[Date "2017.03.19"]
[Round "4"]
[White "someyoungguy"]
[Black "Magagna"]
[Result "0-1"]
[ICCResult "White forfeits on time"]
[WhiteElo "1241"]
[BlackElo "1598"]
[Opening "French: King's Indian attack"]
[ECO "C00"]
[NIC "FR.02"]
[Time "19:48:44"]
[TimeControl "180+0"]

1. e4 e6 2. d3 d5 3. Nc3 d4 4. Nce2 e5 5. f4 Nc6 6. Nf3 Bd6 7. f5 Nf6 8. Bg5
Bd7 9. a3 h6 10. Bd2 Qe7 11. h3 O-O-O 12. b4 g6 13. b5 Nb8 14. fxg6 fxg6 15.
a4 g5 16. Qb1 g4 17. hxg4 Bxg4 18. Nh4 Rdg8 19. Nf5 Bxf5 20. exf5 e4 21.
dxe4 Nxe4 22. a5 Bg3+ 23. Kd1 Nf2+ 24. Kc1 Nxh1 25. a6 b6 26. Qa2 d3 27. Nd4
dxc2 28. Qd5 c5 29. Ne6 Qd7 30. Qxd7+ Kxd7 31. Bd3 Be5 32. Ra3 Rxg2 33. Ra2
Rg1+ 34. Kxc2 Nf2 35. Be3 Nxd3 36. Bxg1 Nf4 37. Nxf4 Bxf4 38. Kd3 h5 39. Bh2
Bxh2 40. Rxh2 Ke7 41. Ke4 Kf6 42. Rd2 h4 43. Rd6+ Kg5 44. Ke5 Re8+ 45. Kd5
Kxf5 46. Rh6 Rd8+ 47. Kc4 Kg4 48. Kc3 h3 49. Rg6+ Kf3 50. Rh6 Kg2 51. Rg6+
Kh2 52. Rh6 Nd7 53. Kc4 Ne5+ 54. Kc3 Nf3 {White forfeits on time} 0-1